 Dungeon Crawl Stone Soup version 0.22.1-1-ga44c0e5 (webtiles) character file.

259 jerryfan the Shield-Bearer (level 6, -7/39 HPs)
             Began as a Gargoyle Fighter on Oct 22, 2018.
             Mangled by Sigmund
             ... wielding a +2 scythe of venom
              (11 damage)
             ... on level 4 of the Dungeon.
             The game lasted 00:10:54 (3181 turns).

jerryfan the Shield-Bearer (Gargoyle Fighter)       Turns: 3181, Time: 00:10:54

Health: -7/39      AC: 11    Str: 27    XL:     6   Next: 17%
Magic:  6/6        EV:  7    Int:  8    God:
Gold:   101        SH: 11    Dex:  9    Spells: 5/5 levels left

rFire    . . .     SeeInvis .   q - +1 whip
rCold    + . .     Gourm    .   c - +1 shield
rNeg     + . .     Faith    .   b - +0 scale mail
rPois    ∞         Spirit   .   (no helmet)
rElec    +         Reflect  .   (no cloak)
rCorr    .         Harm     .   (no gloves)
MR       .....                  (no boots)
Stlth    ..........             (no amulet)
HPRegen  0.13/turn              l - ring of protection from cold
MPRegen  0.10/turn              (no ring)

@: mighty
A: negative energy resistance 1, electricity resistance, unbreathing,
petrification resistance, rot immunity, AC +4
a: no special abilities


You were on level 4 of the Dungeon.
You were not hungry.

You visited 1 branch of the dungeon, and saw 4 of its levels.

You collected 101 gold pieces.

Inventory:

Hand Weapons
 a - a +0 flail
 q - a +1 whip (weapon)
Armour
 b - a +0 scale mail (worn)
 c - a +1 shield (worn)
 j - a +2 chain mail of cold resistance
Jewellery
 l - a ring of protection from cold (left hand)
Scrolls
 e - 2 scrolls of identify
 g - 3 scrolls of remove curse
 h - 2 scrolls of immolation {unknown}
Potions
 d - a potion of might
 n - a potion of ambrosia {unknown}
 o - a potion of agility {unknown}
 p - a potion of mutation {unknown}
 r - 2 potions of curing {unknown}
 s - 2 potions of degeneration {unknown}
Comestibles
 f - 6 rations
 i - 5 chunks of flesh


   Skills:
 + Level 4.4 Fighting
 + Level 3.2 Maces & Flails
 - Level 2.0 Throwing
 + Level 4.4 Armour
 + Level 4.4 Shields


You had 5 spell levels left.
You didn't know any spells.
Your spell library was empty.

Dungeon Overview and Level Annotations

Branches:
Dungeon (4/15)
 Temple: D:4-7

Altars:

Annotations:
D:2 exclusion: downstairs
D:4 Sigmund


Innate Abilities, Weirdness & Mutations

You are resistant to torment.
Your stone body is resilient. (AC +4)
You are immune to poison.
You resist negative energy. (rN+)
You are resistant to electric shocks. (rElec)
You can survive without breathing.
You are immune to petrification.
You are immune to rotting.


Message History

You stop removing your armour.
The puff of flame hits you! You block something's attack.
You feel very mighty all of a sudden. Something hits you.
You miss something.
You hear some strange, mumbled words.
A puff of flame appears from out of thin air!
The puff of flame hits you!
You hit something. Something hits you but does no damage.
You closely miss something. You miss something.
You hear some strange, mumbled words.
A puff of flame appears from out of thin air!
You block the puff of flame.
You whack something! Something hits you!
* * * LOW HITPOINT WARNING * * *
You closely miss something. Something hits you!
* * * LOW HITPOINT WARNING * * *
You whack something! Something hits you!
You die...

#.. #.####### #....> ..
### ##..#####.# # ...
.....(.....#. #.#
##..######..# #.# .#..#
#..# #.### ....#
#..######...# .#.##
#.†.w{@....# .#.##
##.#####...# #..# .##
##...###..# ##.#
#.###.##.###..# #.#
#..#..##.#.....#
.##.####.#.#.##.#.###.# .
......##.#.#.##%#.# .....
..###)##.#......w.###.....
.. #()......##.#.....###


You could see a worm.

Vanquished Creatures
  A scorpion (D:3)
  A hound (D:4)
  A worker ant (D:3)
  4 adders
  A gnoll (D:1)
  An ooze (D:1)
  3 worms
  3 dart slugs
  2 leopard geckos
  10 orcs
  15 bats
  3 giant cockroaches
  13 goblins
  6 hobgoblins
  8 kobolds
  3 ball pythons
  4 frilled lizards
  5 rats
84 creatures vanquished.

Notes
Turn   | Place    | Note
-------+----------+-------------------------------------------
     0 | D:1      | jerryfan the Gargoyle Fighter began the quest for the Orb.
     0 | D:1      | Reached XP level 1. HP: 14/14 MP: 1/1
   214 | D:1      | Reached XP level 2. HP: 10/19 MP: 2/2
   369 | D:1      | Reached XP level 3. HP: 11/23 MP: 3/3
   849 | D:1      | Reached skill level 1 in Throwing
  1335 | D:2      | Reached XP level 4. HP: 29/29 MP: 4/4
  2067 | D:3      | Reached XP level 5. HP: 5/33 MP: 5/5
  3063 | D:4      | Reached XP level 6. HP: 36/39 MP: 6/6
  3142 | D:4      | Noticed Sigmund
  3181 | D:4      | Mangled by Sigmund

Skill      XL: |  1  2  3  4  5 |
---------------+----------------+-----
Throwing       | 1 2 |  2.0
Shields        | 4 |  4.4
Fighting       | 4 |  4.4
Armour         | 4 |  4.4
Maces & Flails | 3 |  3.2

Action                   |  1- 3 |  4- 6 || total
-------------------------+-------+-------++-------
Melee: Flail             |   143 |    34 ||   177
       Whip              |       |   300 ||   300
  Use: Potion            |       |     3 ||     3
       Scroll            |       |     8 ||     8
  Eat: Chunk             |     2 |     6 ||     8
Armor: Scale mail        |    73 |   159 ||   232
Dodge: Dodged            |    56 |    85 ||   141
Block: Shield            |    85 |   185 ||   270
